 Dungeon Crawl Stone Soup version 0.24-a0-504-gcfb02b9d07 (webtiles) character file.

Game seed: 8745344665400353714

270 nikopol the Magician (level 6, -8/32 HPs)
             Began as a Deep Elf Fire Elementalist on July 16, 2019.
             Mangled by an orc warrior
             ... wielding a +0 glaive
              (15 damage)
             ... on level 4 of the Dungeon.
             The game lasted 00:08:06 (3050 turns).

nikopol the Magician (Deep Elf Fire Elementalist)   Turns: 3050, Time: 00:08:07

Health: -8/32      AC:  4    Str:  5    XL:     6   Next: 1%
Magic:  7/16       EV: 13    Int: 22    God:
Gold:   164        SH:  0    Dex: 15    Spells: 6/16 levels left

rFire    . . .     SeeInvis .   p - +2 dagger (freeze)
rCold    . . .     Gourm    .   (no shield)
rNeg     . . .     Faith    .   a - +0 robe
rPois    .         Spirit   .   (no helmet)
rElec    .         Reflect  .   (no cloak)
rCorr    .         Harm     .   l - +0 pair of gloves
MR       .....                  j - +0 pair of boots
Stlth    ++........             (no amulet)
HPRegen  0.10/turn              (no ring)
MPRegen  0.15/turn              (no ring)

@: very slightly contaminated
A: no striking features
a: no special abilities


You were on level 4 of the Dungeon.
You were not hungry.

You visited 1 branch of the dungeon, and saw 4 of its levels.

You collected 164 gold pieces.

Inventory:

Hand Weapons
 p - a +2 dagger of freezing (weapon)
Armour
 a - a +0 robe (worn)
 j - a +0 pair of boots (worn)
 l - a +0 pair of gloves (worn)
Wands
 n - a wand of digging (7)
Scrolls
 d - a scroll of remove curse
 e - a scroll of enchant armour {unknown}
 f - a scroll of enchant weapon {unknown}
 h - a scroll of noise {unknown}
 i - a scroll of amnesia {unknown}
 k - 4 scrolls of teleportation {unknown}
Potions
 b - a potion of haste
 g - a potion of cancellation
 o - 2 potions of heal wounds {unknown}
 q - 2 potions of lignification {unknown}
Comestibles
 c - 5 rations


   Skills:
 + Level 2.9 Dodging
 + Level 3.0 Stealth
 + Level 5.5 Spellcasting
 + Level 2.5 Conjurations
 + Level 5.3 Fire Magic


You had 6 spell levels left.
You knew the following spells:

 Your Spells              Type           Power        Failure   Level  Hunger
a - Flame Tongue          Conj/Fire      ###..        1%          1    None
b - Throw Flame           Conj/Fire      ###...       3%          2    None
c - Conjure Flame         Conj/Fire      ###.....     6%          3    ##.....
d - Sticky Flame          Conj/Fire      ###.....     19%         4    ####...

Your spell library contained the following spells:

 Spells                   Type           Power        Failure   Level  Hunger
 Animate Skeleton         Necr           N/A          10%         1    None
 Apportation              Tloc           #.....       10%         1    None
 Confusing Touch          Hex            #.....       10%         1    None
 Summon Small Mammal      Summ           #...         10%         1    None
 Inner Flame              Hex/Fire       ###.....     10%         3    ##.....
 Fireball                 Conj/Fire      ###.......   47%         5    #####..


Dungeon Overview and Level Annotations

Branches:
Dungeon (4/15)
 Temple: D:4-7

Altars:
Uskayaw


Message History

Aiming: Flame Tongue (safe; 1% risk of failure)
Press: ? - help, Shift-Dir - straight line, f/p - orc warrior
Aim: an orc warrior, wielding a +0 glaive and wearing a +0 chain mail (heavily wounded)
The flame tongue hits the orc warrior.
The orc warrior is severely wounded.
The orc warrior hits you from afar with a +0 glaive.
Casting: Flame Tongue (safe; 1% risk of failure)
Confirm with . or Enter, or press ? or * to list all spells.
Aiming: Flame Tongue (safe; 1% risk of failure)
Press: ? - help, Shift-Dir - straight line, f/p - orc warrior
Aim: an orc warrior, wielding a +0 glaive and wearing a +0 chain mail (severely wounded)
You miscast Flame Tongue.
You are very lightly contaminated with residual magic.
Nothing appears to happen.
The orc shouts!
The orc warrior hits you from afar with a +0 glaive!!
Ouch! That really hurt!
* * * LOW HITPOINT WARNING * * *
The orc warrior hits you from afar with a +0 glaive!
You die...

**,,,,,,,**##........#
###...## *,,,,,,,,*
##.......# ###...
,,,,,....* ###..o....#
###.
,*,,,....###?.......##
##
*,,,,,#..#..........#
,,,,,*#.............#
,,,,**#.........o...#
,,,** #.............#
,,,* #.........@...#
,,,* #.............#
,,,* #............##
,,,** #...รท........#
,,,,* ##...........#
,,*** ##...####.###
,** ##### ### **


You could see an orc warrior and an orc.

Vanquished Creatures
  An ogre (D:4)
  A hound (D:4)
  An orc wizard (D:4)
  6 adders
  A worm (D:3)
  3 dart slugs
  6 leopard geckos
  An orc (D:4)
  4 bats
  3 giant cockroaches (D:2)
  7 goblins
  7 hobgoblins
  A quokka (D:3)
  8 frilled lizards
  5 kobolds
  11 rats
66 creatures vanquished.

Notes
Turn   | Place    | Note
-------+----------+-------------------------------------------
     0 | D:1      | nikopol the Deep Elf Fire Elementalist began the quest for
                  | the Orb.
     0 | D:1      | Reached XP level 1. HP: 10/10 MP: 6/6
   447 | D:1      | Reached XP level 2. HP: 15/15 MP: 2/8
   953 | D:2      | Reached XP level 3. HP: 15/19 MP: 2/9
  1020 | D:2      | Noticed a +0 dagger
  1021 | D:2      | Noticed a +0 hand axe
  1022 | D:2      | Found a hide-covered altar of Uskayaw.
  1421 | D:2      | Reached XP level 4. HP: 24/24 MP: 6/11
  2690 | D:3      | Learned a level 2 spell: Throw Flame
  2694 | D:3      | Learned a level 3 spell: Conjure Flame
  2699 | D:3      | Learned a level 4 spell: Sticky Flame
  2728 | D:4      | Noticed an ogre
  2764 | D:4      | Reached skill level 5 in Fire Magic
  2764 | D:4      | Reached XP level 5. HP: 28/28 MP: 9/14
  2795 | D:4      | Noticed an ogre
  2800 | D:4      | Killed an ogre
  2800 | D:4      | Reached skill level 5 in Spellcasting
  2899 | D:4      | Noticed an orc warrior
  2912 | D:4      | Reached XP level 6. HP: 19/32 MP: 6/16
  3050 | D:4      | Mangled by an orc warrior

Levels and vault maps discovered:
D:1:      noname_arrival_rooms_in_the_neighbourhood, layout_basic
D:2:      minmay_skewed_foursquare, layout_loops_cross, dancing_weapons_uskayaw
D:3:      layout_rooms, grunt_decor_clamped, kennysheep_generic_room_10
D:4:      layout_cave_pods, okawaru_gym_becter, kennysheep_little_box,
          cheibrodos_sewer_entry_bend, first_ration

Skill      XL: |  1  2  3  4  5 |
---------------+----------------+-----
Fire Magic     | 4 5 |  5.3
Spellcasting   | 4 5 |  5.5
Stealth        | 3 |  3.0
Conjurations   | 2 |  2.5
Dodging        | |  2.9

Action                   |  1- 3 |  4- 6 || total
-------------------------+-------+-------++-------
Melee: Unarmed           |     1 |       ||     1
 Cast: Flame Tongue      |    59 |    79 ||   138
       Conjure Flame     |       |     1 ||     1
       Sticky Flame      |       |     1 ||     1
       Throw Flame       |       |     3 ||     3
  Use: Potion            |     3 |       ||     3
       Scroll            |       |     2 ||     2
 Stab: Sleeping          |     1 |       ||     1
  Eat: Chunk             |     1 |     5 ||     6
Armor: Robe              |     4 |     3 ||     7
Dodge: Dodged            |    14 |    10 ||    24

Table legend:
 A = Non-vault XP
 B = Vault XP
 C = Vault XP percentage of total XP
 D = Non-vault monster count
 E = Vault monster count
 F = Vault count percentage of total count
                 A         B        C        D         E       F
            +---------+---------+-------+---------+---------+-------
      Total |     352 |      35 |   9.0 |      58 |       8 |  12.1
            +---------+---------+-------+---------+---------+-------
        D:1 |      25 |       0 |   0.0 |      12 |       0 |   0.0
        D:2 |      83 |      35 |  29.7 |      29 |       8 |  21.6
        D:3 |      37 |       0 |   0.0 |      12 |       0 |   0.0
        D:4 |     207 |       0 |   0.0 |       5 |       0 |   0.0
            +---------+---------+-------+---------+---------+-------
